[Event "Live Chess"]
[Site "Chess.com"]
[Date "2021.04.16"]
[Round "3"]
[White "KingSmasher35"]
[Black "GGuseinov"]
[Result "0-1"]
[CurrentPosition "8/1R3r1p/P5p1/4k3/3p4/6KP/4p1P1/8 w - -"]
[Timezone "UTC"]
[ECO "A45"]
[ECOUrl "https://www.chess.com/openings/Indian-Game"]
[UTCDate "2021.04.16"]
[UTCTime "01:34:10"]
[WhiteElo "1822"]
[BlackElo "2700"]
[TimeControl "3600+5"]
[Termination "GGuseinov won by resignation"]
[StartTime "01:34:10"]
[EndDate "2021.04.16"]
[EndTime "03:07:02"]
[Link "https://www.chess.com/game/live/12275804187"]

1. d4 Nf6 2. Bf4 g6 3. e3 Bg7 4. Nf3 O-O 5. Be2 d6 6. h3 b6 7. O-O Bb7 8. c4 Nbd7 9. Nc3 Ne4 10. Nxe4 Bxe4 11. Nd2 Bb7 12. Bf3 Qc8 13. Qa4 e5 14. Bg3 Rd8 15. Bh4 f6 16. Bd5+ Kh8 17. Be6 Rb8 18. b4 a6 19. Rac1 Ba8 20. d5 b5 21. cxb5 Rxb5 22. e4 Qb7 23. Qc2 Rxb4 24. Qxc7 Qxc7 25. Rxc7 Nc5 26. Rf7 Rd4 27. Nb3 Rxe4 28. Bxf6 Bxf6 29. Rxf6 Nd3 30. Nd2 Rf4 31. Rxf4 Nxf4 32. Rd1 Kg7 33. Nc4 Kf6 34. Nb6 Nxe6 35. Nxa8 Rxa8 36. dxe6 Kxe6 37. Rb1 Rc8 38. Rb6 Rc1+ 39. Kh2 Rc2 40. Rxa6 Rxf2 41. Kg3 Rf7 42. a4 e4 43. Rb6 Ke5 44. a5 e3 45. Rb1 d5 46. a6 d4 47. Rb7 e2 0-1

[Event "Live Chess"]
[Site "Chess.com"]
[Date "2021.04.16"]
[Round "3"]
[White "uzkuzk"]
[Black "ecwinslow"]
[Result "0-1"]
[CurrentPosition "8/1pn1kppp/4p3/4N1P1/r1p1bP2/8/4BP1P/1R4K1 w - -"]
[Timezone "UTC"]
[ECO "D00"]
[ECOUrl "https://www.chess.com/openings/Queens-Pawn-Opening-Chigorin-Variation-2...Nf6"]
[UTCDate "2021.04.16"]
[UTCTime "01:35:19"]
[WhiteElo "1809"]
[BlackElo "2278"]
[TimeControl "3600+5"]
[Termination "ecwinslow won by resignation"]
[StartTime "01:35:19"]
[EndDate "2021.04.16"]
[EndTime "02:03:47"]
[Link "https://www.chess.com/game/live/12275819699"]

1. d4 Nf6 2. Nc3 d5 3. Bf4 e6 4. e3 Bd6 5. g4 Bxf4 6. exf4 c5 7. dxc5 Qa5 8. g5 Ne4 9. Qd4 Qxc5 10. Qxc5 Nxc5 11. Nb5 Nba6 12. c3 Ke7 13. Nf3 Bd7 14. a4 Rhc8 15. Be2 Nc7 16. O-O Nxa4 17. Nxa7 Rxa7 18. b3 Rca8 19. bxa4 Rxa4 20. Rxa4 Rxa4 21. Rb1 Bc6 22. c4 dxc4 23. Ne5 Be4 0-1

[Event "Live Chess"]
[Site "Chess.com"]
[Date "2021.04.16"]
[Round "3"]
[White "FlightsOfFancy"]
[Black "zenwabi"]
[Result "1-0"]
[CurrentPosition "8/KP6/8/8/3k4/8/8/8 b - -"]
[Timezone "UTC"]
[ECO "B48"]
[ECOUrl "https://www.chess.com/openings/Sicilian-Defense-Taimanov-Bastrikov-English-Attack-7...Nf6"]
[UTCDate "2021.04.16"]
[UTCTime "01:29:56"]
[WhiteElo "2135"]
[BlackElo "1643"]
[TimeControl "3600+5"]
[Termination "FlightsOfFancy won by resignation"]
[StartTime "01:29:56"]
[EndDate "2021.04.16"]
[EndTime "03:00:52"]
[Link "https://www.chess.com/game/live/12275760001"]

1. e4 c5 2. Nf3 e6 3. d4 cxd4 4. Nxd4 Nc6 5. Nc3 Qc7 6. Be3 a6 7. Qd2 Nf6 8. O-O-O Be7 9. f3 b5 10. Nxc6 dxc6 11. g4 O-O 12. Qf2 c5 13. Qg3 Qxg3 14. hxg3 Rd8 15. Rxd8+ Bxd8 16. Bxc5 Bb7 17. Bd3 g6 18. Be3 Bc7 19. Bf4 Rc8 20. Bxc7 Rxc7 21. a3 Nd7 22. f4 Nc5 23. Re1 Nxd3+ 24. cxd3 Rd7 25. Kd2 f6 26. Ke3 Kg7 27. Rc1 Rc7 28. Ne2 Rxc1 29. Nxc1 Kf7 30. Kd4 Ke7 31. Kc5 Kd7 32. Kb6 Bc8 33. Nb3 Kd6 34. d4 e5 35. dxe5+ fxe5 36. f5 gxf5 37. gxf5 h5 38. Nc5 Ke7 39. Kc7 Bxf5 40. exf5 Kf6 41. Kd6 Kxf5 42. Kd5 a5 43. b4 axb4 44. axb4 Kf6 45. Ke4 Kg5 46. Kxe5 Kg4 47. Ne4 Kf3 48. Kd4 Kg4 49. Ke3 Kf5 50. Nd6+ Kg4 51. Kf2 h4 52. gxh4 Kxh4 53. Nxb5 Kg4 54. Ke3 Kf5 55. Kd4 Ke6 56. Kc5 Kd7 57. Kb6 Kc8 58. Ka7 Kd7 59. Nd4 Kd6 60. b5 Kc5 61. b6 Kxd4 62. b7 1-0

[Event "Live Chess"]
[Site "Chess.com"]
[Date "2021.04.16"]
[Round "3"]
[White "fastZachi"]
[Black "KyronGriffith"]
[Result "0-1"]
[CurrentPosition "8/8/1pB4p/pP4p1/3k4/4pP1P/3bR1K1/2r5 w - a6"]
[Timezone "UTC"]
[ECO "B07"]
[ECOUrl "https://www.chess.com/openings/Pirc-Defense"]
[UTCDate "2021.04.16"]
[UTCTime "01:30:15"]
[WhiteElo "1813"]
[BlackElo "2490"]
[TimeControl "3600+5"]
[Termination "KyronGriffith won by resignation"]
[StartTime "01:30:15"]
[EndDate "2021.04.16"]
[EndTime "03:36:53"]
[Link "https://www.chess.com/game/live/12275761093"]

1. e4 d6 2. g3 Nf6 3. Bg2 e5 4. Nc3 g6 5. d3 Bg7 6. Bg5 h6 7. Bxf6 Bxf6 8. Nge2 Bg7 9. Qd2 Nc6 10. Nd5 Be6 11. c4 O-O 12. O-O Qd7 13. b4 f5 14. b5 Nd8 15. Rab1 c6 16. Ndc3 Rc8 17. a4 f4 18. gxf4 exf4 19. f3 g5 20. Rbc1 Nf7 21. Kh1 d5 22. cxd5 cxd5 23. exd5 Bxd5 24. Nxd5 Qxd5 25. d4 Nd6 26. Bh3 Rxc1 27. Qxc1 Nc4 28. Bg2 Re8 29. Nc3 Qxd4 30. Ne4 Ne3 31. Rf2 Qxa4 32. h3 Rd8 33. Qc7 Qd1+ 34. Kh2 Qd7 35. Qc5 b6 36. Qb4 Qf7 37. Bf1 Rd4 38. Qa3 Kh8 39. Qc1 Rd1 40. Qc8+ Qg8 41. Qxg8+ Kxg8 42. Be2 Rb1 43. Bd3 Rb3 44. Rd2 Bc3 45. Re2 Kg7 46. Nd6 Bb4 47. Nf5+ Kf6 48. Nxe3 fxe3 49. Bc4 Rc3 50. Bd5 Ke5 51. Be4 Kd4 52. Kg3 Rc1 53. Kg2 Bd2 54. Bc6 a5 0-1

[Event "Live Chess"]
[Site "Chess.com"]
[Date "2021.04.16"]
[Round "3"]
[White "rkoepcke"]
[Black "Talenuf"]
[Result "1-0"]
[CurrentPosition "5rk1/1q1nrpb1/pp1P2p1/2p1P2p/P4Pn1/2N2B2/1PQB2PP/4RR1K b - -"]
[Timezone "UTC"]
[ECO "A66"]
[ECOUrl "https://www.chess.com/openings/Benoni-Defense-Modern-Pawn-Storm-Variation"]
[UTCDate "2021.04.16"]
[UTCTime "01:30:16"]
[WhiteElo "2200"]
[BlackElo "1900"]
[TimeControl "3600+5"]
[Termination "rkoepcke won by resignation"]
[StartTime "01:30:16"]
[EndDate "2021.04.16"]
[EndTime "02:00:47"]
[Link "https://www.chess.com/game/live/12275761429"]

1. d4 Nf6 2. c4 e6 3. Nc3 c5 4. d5 exd5 5. cxd5 d6 6. e4 g6 7. f4 Bg7 8. Bb5+ Nfd7 9. Be2 O-O 10. Nf3 Re8 11. O-O a6 12. a4 Qc7 13. Nd2 b6 14. Kh1 Bb7 15. Qc2 Nf6 16. Nc4 Nbd7 17. Bd2 Re7 18. Rae1 Rae8 19. Bf3 h5 20. e5 Ng4 21. Nxd6 Rf8 22. Nxb7 Qxb7 23. d6 1-0

[Event "Live Chess"]
[Site "Chess.com"]
[Date "2021.04.16"]
[Round "3"]
[White "kclemens"]
[Black "Barok44"]
[Result "1-0"]
[CurrentPosition "8/7p/1P1p2p1/5p2/2P2P2/3k2PP/5K2/8 b - -"]
[Timezone "UTC"]
[ECO "A04"]
[ECOUrl "https://www.chess.com/openings/Reti-Opening-Kingside-Fianchetto-Variation"]
[UTCDate "2021.04.16"]
[UTCTime "01:37:29"]
[WhiteElo "1997"]
[BlackElo "1759"]
[TimeControl "3600+5"]
[Termination "kclemens won by resignation"]
[StartTime "01:37:29"]
[EndDate "2021.04.16"]
[EndTime "03:30:49"]
[Link "https://www.chess.com/game/live/12275844333"]

1. Nf3 g6 2. c4 c5 3. Nc3 Bg7 4. g3 Nc6 5. Bg2 Nf6 6. O-O e5 7. d3 O-O 8. Be3 d6 9. h3 Bd7 10. Qd2 Rb8 11. Rab1 Nd4 12. Kh2 Bc6 13. Ne1 Qd7 14. Bh6 Bxg2 15. Kxg2 Qc6+ 16. Kh2 a6 17. Bxg7 Kxg7 18. e3 Nf3+ 19. Nxf3 Qxf3 20. Qe2 Qc6 21. f4 b5 22. Qg2 Qxg2+ 23. Kxg2 bxc4 24. dxc4 exf4 25. exf4 Rfe8 26. b3 Re3 27. Rf3 Rbe8 28. Rd1 Rxf3 29. Kxf3 Rd8 30. Rd3 Ne8 31. Ne4 f5 32. Nxc5 Rc8 33. Nxa6 Ra8 34. Nb4 Kf7 35. a4 Rb8 36. Nd5 Ke6 37. Re3+ Kd7 38. b4 Kd8 39. a5 Nc7 40. Nxc7 Kxc7 41. b5 Ra8 42. a6 Kb6 43. Re7 Kc5 44. Rc7+ Kd4 45. a7 Re8 46. Re7 Rxe7 47. a8=Q Re3+ 48. Kf2 Rd3 49. Qd5+ Kc3 50. Qxd3+ Kxd3 51. b6 1-0

[Event "Live Chess"]
[Site "Chess.com"]
[Date "2021.04.16"]
[Round "3"]
[White "maturner"]
[Black "Loltheawesomedude"]
[Result "1-0"]
[CurrentPosition "n5k1/1p2R1p1/p5Bp/3p4/P6P/6P1/1PP5/6K1 b - -"]
[Timezone "UTC"]
[ECO "B24"]
[ECOUrl "https://www.chess.com/openings/Sicilian-Defense-Closed-Fianchetto-Variation"]
[UTCDate "2021.04.16"]
[UTCTime "01:30:36"]
[WhiteElo "1853"]
[BlackElo "1455"]
[TimeControl "3600+5"]
[Termination "maturner won by resignation"]
[StartTime "01:30:36"]
[EndDate "2021.04.16"]
[EndTime "02:32:01"]
[Link "https://www.chess.com/game/live/12275763307"]

1. e4 c5 2. Nc3 Nc6 3. g3 d6 4. Bg2 Nf6 5. Nge2 e5 6. O-O Be7 7. d3 Be6 8. h3 h6 9. f4 exf4 10. Nxf4 Qd7 11. Kh2 Rd8 12. Be3 O-O 13. Qd2 Kh7 14. Rf2 a6 15. a4 Nb4 16. d4 cxd4 17. Bxd4 d5 18. e5 Ne8 19. Nxe6 Qxe6 20. Ne2 Nc7 21. h4 Nc6 22. Bh3 f5 23. exf6 Qf7 24. fxe7 Qxf2+ 25. Bxf2 Rxf2+ 26. Kg1 Rxe2 27. Qxe2 Re8 28. Re1 Rxe7 29. Qxe7 Nxe7 30. Rxe7 Na8 31. Bf5+ Kg8 32. Bg6 1-0

[Event "Live Chess"]
[Site "Chess.com"]
[Date "2021.04.16"]
[Round "3"]
[White "cccalboy"]
[Black "kevin_mx_sun"]
[Result "0-1"]
[CurrentPosition "2R5/8/6p1/3k3p/7P/7K/8/4q3 w - -"]
[Timezone "UTC"]
[ECO "B36"]
[ECOUrl "https://www.chess.com/openings/Sicilian-Defense-Old-Sicilian-Open-Accelerated-Dragon-Variation"]
[UTCDate "2021.04.16"]
[UTCTime "01:30:21"]
[WhiteElo "1794"]
[BlackElo "1443"]
[TimeControl "3600+5"]
[Termination "kevin_mx_sun won on time"]
[StartTime "01:30:21"]
[EndDate "2021.04.16"]
[EndTime "03:41:12"]
[Link "https://www.chess.com/game/live/12275763605"]

1. e4 c5 2. Nf3 g6 3. d4 cxd4 4. Nxd4 Nc6 5. c4 Nf6 6. Nc3 d6 7. Be3 Nxd4 8. Bxd4 Bg7 9. Be2 O-O 10. O-O Qc7 11. Rc1 Be6 12. b3 a5 13. Nb5 Qc6 14. f3 Nd7 15. Bxg7 Kxg7 16. Kh1 Nc5 17. Qc2 f5 18. Qb2+ Kg8 19. e5 dxe5 20. Qxe5 Bf7 21. Rcd1 a4 22. b4 Na6 23. a3 Rfd8 24. Nd4 Qc7 25. f4 Qxe5 26. fxe5 Nc7 27. Bf3 Bxc4 28. Rfe1 Bd5 29. Bxd5+ Nxd5 30. Ne6 Rd7 31. Nc5 Rdd8 32. Nxb7 Rdb8 33. Rxd5 Rxb7 34. e6 Kg7 35. g4 fxg4 36. Ree5 Rc7 37. Rc5 Rxc5 38. Rxc5 Rd8 39. b5 Rd1+ 40. Kg2 Rd2+ 41. Kg1 Rb2 42. Rc4 Rxb5 43. Rxa4 Kf6 44. Rxg4 Kxe6 45. Rg3 Ra5 46. Kf2 Kd6 47. Re3 e5 48. Kf3 Kd5 49. Rd3+ Kc4 50. Re3 h5 51. h4 Kd5 52. Rd3+ Ke6 53. Re3 Ra4 54. Kg3 Kd5 55. Rb3 Rg4+ 56. Kh3 e4 57. a4 Kd4 58. a5 e3 59. Rb1 e2 60. a6 Kd3 61. Ra1 Re4 62. a7 Re8 63. a8=Q Rxa8 64. Rxa8 e1=Q 65. Rd8+ Kc4 66. Rc8+ Kd5 0-1

[Event "Live Chess"]
[Site "Chess.com"]
[Date "2021.04.16"]
[Round "3"]
[White "nycsheep"]
[Black "swimgrass"]
[Result "0-1"]
[CurrentPosition "6K1/2p5/2Pk4/8/8/8/8/8 w - -"]
[Timezone "UTC"]
[ECO "C00"]
[ECOUrl "https://www.chess.com/openings/French-Defense-Schlechter-Variation"]
[UTCDate "2021.04.16"]
[UTCTime "01:30:31"]
[WhiteElo "1769"]
[BlackElo "1363"]
[TimeControl "3600+5"]
[Termination "swimgrass won by resignation"]
[StartTime "01:30:31"]
[EndDate "2021.04.16"]
[EndTime "02:37:41"]
[Link "https://www.chess.com/game/live/12275763935"]

1. e4 e6 2. d4 d5 3. Bd3 dxe4 4. Bxe4 Nf6 5. Bf3 g6 6. Ne2 Bg7 7. Bg5 O-O 8. O-O h6 9. Be3 Nc6 10. Qd2 Nd5 11. Bxh6 b6 12. Bxg7 Kxg7 13. c4 Nde7 14. Nbc3 Bb7 15. Rfd1 Rb8 16. Rac1 Na5 17. Bxb7 Nxb7 18. b4 a5 19. a3 axb4 20. axb4 Nd6 21. d5 exd5 22. Nxd5 Nxd5 23. Qxd5 Re8 24. Nd4 Qf6 25. Nc6 Ra8 26. Qd4 Qxd4 27. Nxd4 Ra4 28. c5 bxc5 29. bxc5 Ne4 30. f3 Nf6 31. Nb5 Ra2 32. Nc3 Ra5 33. Nd5 Re5 34. Nxf6 Kxf6 35. c6 Re7 36. Rd2 Ra6 37. Kf2 Re6 38. Rdc2 Rd6 39. h3 Kg7 40. g4 Re6 41. Kg3 Rd6 42. g5 Rd5 43. Rc5 Rd6 44. h4 Re6 45. Kg4 Ra4+ 46. R1c4 Ra6 47. f4 Rb6 48. h5 gxh5+ 49. Kxh5 Re1 50. Re5 Rxe5 51. fxe5 Rb5 52. e6 fxe6 53. Re4 e5 54. Rc4 Rd5 55. Rc3 e4 56. Rc4 Re5 57. Rd4 Re7 58. Rd7 Kf8 59. g6 e3 60. Kh6 e2 61. Rxe7 Kxe7 62. g7 e1=Q 63. g8=Q Qh4+ 64. Kg7 Qg5+ 65. Kh8 Qxg8+ 66. Kxg8 Kd6 0-1

[Event "Live Chess"]
[Site "Chess.com"]
[Date "2021.04.16"]
[Round "3"]
[White "mu3tang"]
[Black "Bruce_Hedman"]
[Result "1-0"]
[CurrentPosition "5Q2/3k2K1/4b3/R6p/3P3P/8/8/8 b - -"]
[Timezone "UTC"]
[ECO "C18"]
[ECOUrl "https://www.chess.com/openings/French-Defense-Winawer-Advance-Variation-4...c5-5.a3-Bxc3-6.bxc3"]
[UTCDate "2021.04.16"]
[UTCTime "01:30:30"]
[WhiteElo "1765"]
[BlackElo "1035"]
[TimeControl "3600+5"]
[Termination "mu3tang won by resignation"]
[StartTime "01:30:30"]
[EndDate "2021.04.16"]
[EndTime "03:14:30"]
[Link "https://www.chess.com/game/live/12275764189"]

1. e4 e6 2. d4 d5 3. Nc3 Bb4 4. e5 c5 5. a3 Bxc3+ 6. bxc3 Nc6 7. Nf3 Bd7 8. Be2 Nge7 9. O-O O-O 10. Bd3 Nf5 11. Bxf5 exf5 12. Bg5 Qc7 13. Re1 cxd4 14. cxd4 Be6 15. Bf4 h6 16. Qd2 Ne7 17. h4 Ng6 18. Rec1 Qe7 19. g3 f6 20. exf6 Rxf6 21. Re1 Nxf4 22. Qxf4 Rd8 23. a4 a5 24. Qd2 b6 25. Ne5 Qd6 26. Reb1 Rdf8 27. Qf4 Bf7 28. Rb5 Bh5 29. Rab1 Rb8 30. Nd7 Qxf4 31. Nxf6+ Kf7 32. gxf4 Kxf6 33. Rxb6+ Rxb6 34. Rxb6+ Ke7 35. Ra6 Bd1 36. Rxa5 Bxc2 37. Rxd5 Bxa4 38. Rxf5 Bc2 39. Rc5 Bb3 40. Kg2 Kd6 41. Kf3 Bd1+ 42. Kg3 Bb3 43. Kg4 g6 44. Ra5 Bc4 45. f5 gxf5+ 46. Kxf5 Bd3+ 47. Kf6 Be2 48. f4 h5 49. Kg7 Bg4 50. f5 Ke7 51. f6+ Kd7 52. f7 Be6 53. f8=Q 1-0

[Event "Live Chess"]
[Site "Chess.com"]
[Date "2021.04.16"]
[Round "3"]
[White "figsnoring"]
[Black "DoctorBanner"]
[Result "0-1"]
[CurrentPosition "5k2/5ppp/8/8/6P1/3p1b1P/2rp4/3K4 w - -"]
[Timezone "UTC"]
[ECO "C78"]
[ECOUrl "https://www.chess.com/openings/Ruy-Lopez-Opening-Morphy-Defense-Wing-Attack"]
[UTCDate "2021.04.16"]
[UTCTime "01:30:33"]
[WhiteElo "999"]
[BlackElo "1700"]
[TimeControl "3600+5"]
[Termination "DoctorBanner won by checkmate"]
[StartTime "01:30:33"]
[EndDate "2021.04.16"]
[EndTime "02:27:42"]
[Link "https://www.chess.com/game/live/12275764731"]

1. e4 e5 2. Nf3 Nc6 3. Bb5 a6 4. Ba4 Nf6 5. O-O b5 6. Bb3 Be7 7. a4 b4 8. c3 Nxe4 9. Re1 d5 10. d3 Nf6 11. Nxe5 Nxe5 12. Rxe5 O-O 13. Qf3 Bg4 14. Qf4 Bd6 15. cxb4 Bxe5 16. Qxe5 Re8 17. Qc3 d4 18. Qd2 Re2 19. Qd1 Rxf2 20. Qe1 Re2 21. Qg3 Qd6 22. Qxd6 cxd6 23. Na3 Rc8 24. h3 Bf5 25. Bc4 d5 26. Bxa6 Re1+ 27. Kf2 Rcxc1 28. Rxc1 Rxc1 29. Ke2 Kf8 30. b5 Nd7 31. a5 Nc5 32. b6 Nxa6 33. b7 Rc7 34. b8=Q+ Nxb8 35. b4 Rc3 36. b5 Rxa3 37. a6 Nxa6 38. bxa6 Rxa6 39. Kf3 Bxd3 40. Kf4 Be4 41. Kg3 d3 42. Kf2 Rc6 43. Ke1 Rc2 44. Kd1 d2 45. Ke2 d4 46. g4 d3+ 47. Kd1 Bf3# 0-1

[Event "Live Chess"]
[Site "Chess.com"]
[Date "2021.04.16"]
[Round "3"]
[White "2Nf31-0"]
[Black "jacobchess857"]
[Result "1-0"]
[CurrentPosition "2k5/2Q5/p3N3/1p2P3/1P4PK/P2q4/6B1/3b4 b - -"]
[Timezone "UTC"]
[ECO "D13"]
[ECOUrl "https://www.chess.com/openings/Slav-Defense-Modern-Exchange-Variation-4...cxd5-5.Nc3"]
[UTCDate "2021.04.16"]
[UTCTime "01:30:33"]
[WhiteElo "978"]
[BlackElo "1623"]
[TimeControl "3600+5"]
[Termination "2Nf31-0 won by checkmate"]
[StartTime "01:30:33"]
[EndDate "2021.04.16"]
[EndTime "03:24:04"]
[Link "https://www.chess.com/game/live/12275766161"]

1. d4 d5 2. c4 c6 3. cxd5 cxd5 4. Nc3 Nf6 5. Nf3 Nc6 6. Bf4 e6 7. e3 a6 8. Bd3 Be7 9. a3 Bd7 10. Rc1 Rc8 11. h3 O-O 12. O-O h6 13. Qe2 Nh7 14. Ne5 Nxe5 15. Bxe5 Bf6 16. Bd6 Be7 17. Be5 f5 18. Qh5 Bf6 19. Ne2 Bxe5 20. dxe5 Rxc1 21. Rxc1 Qb8 22. f4 Rc8 23. Rxc8+ Qxc8 24. Kf2 Qc7 25. g4 fxg4 26. hxg4 Qd8 27. Qh1 Nf8 28. Kg3 Qc8 29. Qc1 Qb8 30. Qc3 Qa7 31. Nd4 Qb6 32. b4 g6 33. Qe1 Kg7 34. Qh1 Qc7 35. Qe1 Ba4 36. Qd2 Kf7 37. Kf3 b5 38. Kg3 Kg7 39. e4 dxe4 40. Bxe4 Qc4 41. Qd3 Qc1 42. Bg2 Qe1+ 43. Kh3 g5 44. fxg5 hxg5 45. Qg3 Qa1 46. Qe3 Qd1 47. Qxg5+ Kf7 48. Qf6+ Kg8 49. Qg5+ Kf7 50. Nf3 Qb3 51. Kh4 Qd3 52. Qf6+ Ke8 53. Ng5 Bd1 54. Qf7+ Kd8 55. Qxf8+ Kd7 56. Qf7+ Kd8 57. Nxe6+ Kc8 58. Qc7# 1-0

[Event "Live Chess"]
[Site "Chess.com"]
[Date "2021.04.16"]
[Round "3"]
[White "NXBex"]
[Black "rimus11"]
[Result "1/2-1/2"]
[CurrentPosition "8/p7/4kp2/1P5R/6PP/1r3K2/8/8 w - -"]
[Timezone "UTC"]
[ECO "B10"]
[ECOUrl "https://www.chess.com/openings/Caro-Kann-Defense-Accelerated-Panov-Attack-2...d5-3.exd5-cxd5-4.cxd5"]
[UTCDate "2021.04.16"]
[UTCTime "01:31:52"]
[WhiteElo "1433"]
[BlackElo "1513"]
[TimeControl "3600+5"]
[Termination "Game drawn by repetition"]
[StartTime "01:31:52"]
[EndDate "2021.04.16"]
[EndTime "03:38:09"]
[Link "https://www.chess.com/game/live/12275780645"]

1. e4 c6 2. c4 d5 3. cxd5 cxd5 4. exd5 Qxd5 5. Nc3 Qd8 6. d4 Nf6 7. Nf3 Bg4 8. h3 Bd7 9. Bc4 e6 10. O-O Be7 11. Re1 Bc6 12. Ne5 O-O 13. Nxc6 bxc6 14. Bf4 Bd6 15. Bxd6 Qxd6 16. Ne4 Nxe4 17. Rxe4 Nd7 18. Rh4 Nf6 19. Qd2 Rfd8 20. Re1 Rab8 21. b3 c5 22. Rd1 Qe7 23. Qg5 Rb7 24. Rd3 Rbd7 25. Rg3 g6 26. Qxc5 Qxc5 27. dxc5 Rd1+ 28. Kh2 Ra1 29. Rd3 Rxd3 30. Bxd3 Rxa2 31. c6 Nd5 32. Rd4 Ra5 33. Bc4 Rc5 34. Bxd5 exd5 35. b4 Rxc6 36. Rxd5 Rb6 37. b5 Rb7 38. Kg3 Kg7 39. Kf4 Kf6 40. g4 h6 41. h4 Ke6 42. Ke4 f6 43. f4 Rb6 44. f5+ gxf5+ 45. Rxf5 Rd6 46. Rh5 Rd1 47. Rxh6 Re1+ 48. Kf3 Rf1+ 49. Kg2 Rb1 50. Rh5 Rb2+ 51. Kf3 Rb3+ 52. Ke4 Rb4+ 53. Kf3 Rb3+ 54. Ke2 Rb2+ 55. Kf3 Rb3+ 1/2-1/2

[Event "Live Chess"]
[Site "Chess.com"]
[Date "2021.04.16"]
[Round "3"]
[White "dareonion"]
[Black "aanval22"]
[Result "1-0"]
[CurrentPosition "r7/pppB4/1k1p4/4p1B1/4P3/2NP3P/PPP2K2/R7 b - -"]
[Timezone "UTC"]
[ECO "C57"]
[ECOUrl "https://www.chess.com/openings/Italian-Game-Traxler-Bishop-Sacrifice-Line-5...Ke7"]
[UTCDate "2021.04.16"]
[UTCTime "01:30:50"]
[WhiteElo "1323"]
[BlackElo "1014"]
[TimeControl "3600+5"]
[Termination "dareonion won by resignation"]
[StartTime "01:30:50"]
[EndDate "2021.04.16"]
[EndTime "03:21:51"]
[Link "https://www.chess.com/game/live/12275767599"]

1. e4 e5 2. Nf3 Nc6 3. Bc4 Nf6 4. Ng5 Bc5 5. Bxf7+ Ke7 6. Bc4 Rf8 7. Nc3 d6 8. d3 h6 9. Nf3 Bg4 10. h3 Bh5 11. O-O Nd4 12. g4 Nxf3+ 13. Qxf3 Nxg4 14. Qg2 Nxf2 15. Qxg7+ Ke8 16. Bxh6 Qh4 17. Qxf8+ Kd7 18. Qf5+ Kc6 19. Rxf2 Be8 20. Bg5 Qg3+ 21. Kf1 Bd7 22. Bb5+ Kb6 23. Bxd7 Bxf2 24. Qxf2+ Qxf2+ 25. Kxf2 1-0